 Dungeon Crawl Stone Soup version 0.21.0-3-g78d12a8bdd (webtiles) character file.

11137 Kalmarka777 the Covert (level 11, -1/52 HPs)
             Began as a Spriggan Enchanter on Jan 11, 2018.
             Was a High Priest of Okawaru.
             Killed by divine providence
             ... invoked by an orc priest
              (10 damage)
             ... on level 11 of the Dungeon.
             The game lasted 00:30:41 (11214 turns).

Kalmarka777 the Covert (Spriggan Enchanter)        Turns: 11214, Time: 00:30:41

Health: -1/52      AC:  3    Str: 14    XL:     11   Next: 45%
Magic:  25/25      EV: 22    Int: 16    God:    Okawaru [*****.]
Gold:   541        SH:  0    Dex: 18    Spells: 18/29 levels left

rFire    + . .     SeeInvis +   z - +7 quick blade "Temmuluh" {pierce, +Rage MR+ Str+4}
rCold    . . .     Gourm    .   (shield restricted)
rNeg     . . .     Faith    .   r - +1 robe {MR+}
rPois    .         Spirit   .   (helmet restricted)
rElec    .         Reflect  .   v - scarf {cloud immunity}
rCorr    .         Harm     .   (gloves unavailable)
MR       +++..     Rnd*Rage +   (boots unavailable)
Stlth    ++++++....             y - amulet of magic regeneration
HPRegen  0.17/turn              t - +2 ring of slaying
MPRegen  0.44/turn              A - +3 ring of strength

@: lethally poisoned (-1 -> -4), very quick
A: very small, unfitting armour, see invisible, berserk 2, fire resistance 1,
herbivore, speed 3, slow metabolism 2, sturdy frame 1
a: Heroism, Finesse, Renounce Religion, Evoke Berserk Rage


You were on level 11 of the Dungeon.
You worshipped Okawaru.
Okawaru was extremely pleased with you.
You were not hungry.

You visited 2 branches of the dungeon, and saw 12 of its levels.
You also visited: Ossuary.

You collected 541 gold pieces.

Inventory:

Hand Weapons
 l - a +0 blowgun
 z - the +7 quick blade "Temmuluh" (weapon) {pierce, +Rage MR+ Str+4}
   (Okawaru gifted it to you on level 10 of the Dungeon)

   It inflicts extra damage upon your enemies.
   It affects your strength (+4).
   It affects your resistance to hostile enchantments.
   It lets you go berserk.
Missiles
 m - 20 poisoned needles
Armour
 r - a +1 robe of magic resistance (worn)
 v - a scarf of cloud immunity (worn)
Jewellery
 a - a +3 ring of dexterity
 f - an uncursed ring of poison resistance
 t - a +2 ring of slaying (left hand)
 y - an amulet of magic regeneration (around neck)
 A - a +3 ring of strength (right hand)
Wands
 g - a wand of enslavement (26)
 n - a wand of iceblast (2)
 u - a wand of flame (24)
 x - a wand of paralysis (11)
Scrolls
 b - a scroll of enchant weapon
 c - 5 scrolls of amnesia
 e - 8 scrolls of identify
 i - 3 scrolls of fog
 k - 2 scrolls of remove curse
 q - 5 scrolls of teleportation
Potions
 h - 2 potions of heal wounds
 j - 3 potions of curing
 o - a potion of brilliance
 p - a potion of agility
 s - a potion of berserk rage
Miscellaneous
 w - a phial of floods
Comestibles
 d - 9 rations


   Skills:
 + Level 3.3 Fighting
 * Level 9.3 Short Blades
 + Level 6.3 Dodging
 + Level 14.6 Stealth
 + Level 9.9 Spellcasting
 + Level 1.0 Conjurations
 + Level 9.5 Hexes
 + Level 3.4 Ice Magic


You had 18 spell levels left.
You knew the following spells:

 Your Spells              Type           Power        Failure   Level  Hunger
a - Ensorcelled Hibernat  Hex/Ice        ####..       1%          2    None
b - Confuse               Hex            #####...     1%          3    None
c - Dazzling Spray        Conj/Hex       ###...       3%          3    None
d - Tukima's Dance        Hex            #####...     1%          3    None


Dungeon Overview and Level Annotations

Branches:
Dungeon (11/15)            Temple (1/1) D:5             Orc (0/2) D:10
   Lair: D:8-11

Altars:
Ashenzari
Cheibriados
Hepliaklqana
Okawaru
Qazlal
Ru
Sif Muna
Uskayaw
Vehumet
Wu Jian
Yredelemnul
The Shining One

Shops:
D:5 }   D:11 [[


Innate Abilities, Weirdness & Mutations

You are very small and have problems with some larger weapons.
You are too small for most types of armour.
You have supernaturally acute eyesight. (SInv)
You are a herbivore.
You cover ground extremely quickly.
You need consume almost no food.
You often lose your temper in combat.
Your flesh is heat resistant. (rF+)
Your movements are slightly less encumbered by armour. (ER -2)


Message History

You can move again.
Okay, then.
You feel much better. The hornet stings you.
You are poisoned.
You feel as though you will be slow longer.
The hornet closely misses you. The hornet completely misses you.
You feel sick.
You feel sick.
You feel sick. The hornet misses you.
You feel sick. The hornet closely misses you.
You feel sick.
The orc priest calls down the wrath of Beogh upon you.
Beogh smites you!
* * * LOW HITPOINT WARNING * * *
You feel yourself speed up.
The orc priest mumbles some strange prayers to Beogh against you.
Beogh smites you!
You die...

######## #......#
#.####.# ..
#.####.#############.#
..
#....................#
.#
#.#####...............
.# #.# ##.#####@######
.# #.# #.# #y# #####
.. #.# #.# #.#
#...########Wo #.# #.#
#.# #....W.>o.y... #.#
#.# #.# #...##########
#.# #.# #o####.## #.#
#.# #.W.o.(# #.# #.#
########
#.######.#####


You could see a phantom, a hornet and an orc priest.

Vanquished Creatures
  Erolcha (D:11)
  Erica (D:9)
  A two-headed ogre (D:8)
  The ghost of Hat the Carver, a novice MiFi (D:6)
  A cyclops (D:11)
  Joseph (D:10)
  A troll (D:10)
  2 hornets
  3 hippogriffs
  A shadow (D:10)
  A spriggan (D:8)
  The ghost of Somebody the Magician, an amateur NaIE (D:4)
  5 yaks (D:10)
  Sigmund (D:2)
  A hungry ghost (D:10)
  Menkaure (D:4)
  9 orc warriors
  A water moccasin (D:6)
  2 ice beasts
  4 black bears
  A sky beast (D:9)
  7 ogres
  2 centaurs
  2 necrophages
  A big kobold (D:10)
  9 bullfrogs
  6 gnoll sergeants
  A scorpion (D:6)
  4 killer bees (D:9)
  A howler monkey (D:4)
  2 crimson imps
  A bullfrog zombie (D:10)
  A quasit (D:8)
  5 bullfrog skeletons
  7 orc priests
  4 hounds
  An iguana (D:6)
  9 orc wizards
  7 worker ants
  Ijyb (D:3)
  3 hound zombies
  A hound skeleton (D:9)
  2 mummies (D:8)
  8 gnolls
  9 adders
  3 adder zombies
  An adder skeleton (D:8)
  3 worms (D:2)
  3 dart slugs
  3 leopard geckos
  48 orcs
  4 giant cockroaches
  14 goblins
  7 hobgoblins
  6 jackals
  7 kobolds
  2 ball pythons
  6 bats
  6 frilled lizards
  A quokka skeleton (D:6)
  A quokka zombie (D:8)
  7 rats
  A rat zombie (D:8)
  A spectral orc (D:9)
258 creatures vanquished.

Vanquished Creatures (collateral kills)
  A gnoll (D:6)
1 creature vanquished.

Vanquished Creatures (others)
  A dancing weapon (D:3)
1 creature vanquished.

Grand Total: 260 creatures vanquished

Notes
Turn   | Place    | Note
-------+----------+-------------------------------------------
     0 | D:1      | Kalmarka777 the Spriggan Enchanter began the quest for the Orb.
     0 | D:1      | Reached XP level 1. HP: 9/9 MP: 5/5
   472 | D:1      | Reached XP level 2. HP: 10/13 MP: 6/6
   480 | D:1      | Learned a level 2 spell: Ensorcelled Hibernation
   686 | D:1      | Reached skill level 5 in Stealth
   950 | D:1      | Reached XP level 3. HP: 11/16 MP: 8/8
  1304 | D:2      | Noticed Sigmund
  1311 | D:2      | Killed Sigmund
  1311 | D:2      | Reached skill level 6 in Stealth
  1311 | D:2      | Reached skill level 1 in Ice Magic
  1311 | D:2      | Reached XP level 4. HP: 21/21 MP: 4/10
  1311 | D:2      | Reached XP level 5. HP: 24/24 MP: 4/11
  1415 | D:2      | Learned a level 3 spell: Confuse
  1419 | D:2      | Learned a level 3 spell: Dazzling Spray
  1423 | D:2      | Learned a level 3 spell: Tukima's Dance
  1509 | D:2      | Reached skill level 7 in Stealth
  2345 | D:3      | Noticed Ijyb
  2779 | D:3      | Killed Ijyb
  2838 | D:3      | Found a faded altar of an unknown god.
  2914 | D:4      | Reached XP level 6. HP: 20/29 MP: 12/12
  2955 | D:4      | Reached skill level 1 in Fighting
  2999 | D:4      | Noticed Somebody's ghost (amateur NaIE)
  3747 | D:4      | Killed Somebody's ghost
  3747 | D:4      | Reached skill level 5 in Hexes
  3747 | D:4      | Reached XP level 7. HP: 33/33 MP: 1/14
  3923 | D:4      | Noticed Menkaure
  4210 | D:4      | Killed Menkaure
  4210 | D:4      | Reached skill level 8 in Stealth
  4251 | D:4      | You fall through a shaft for 2 floors!
  4337 | D:6      | Reached skill level 5 in Spellcasting
  4360 | D:6      | Found a snail-covered altar of Cheibriados.
  4375 | D:6      | Reached XP level 8. HP: 39/39 MP: 13/16
  4376 | D:6      | Found a hazy altar of Hepliaklqana.
  4440 | D:6      | Reached skill level 5 in Short Blades
  4440 | D:6      | Reached skill level 9 in Stealth
  4658 | D:5      | Entered Level 5 of the Dungeon
  4779 | D:4      | Found an ornate altar of the Wu Jian Council.
  4780 | D:4      | Found a shattered altar of Ashenzari.
  5021 | D:5      | Found a sacrificial altar of Ru.
  5235 | D:5      | Found a staircase to the Ecumenical Temple.
  5246 | Temple   | Entered the Ecumenical Temple
  5252 | Temple   | Became a worshipper of Warmaster Okawaru
  5360 | D:5      | Found Xyes's Gadget Emporium.
  5648 | D:6      | Reached skill level 10 in Stealth
  5836 | D:6      | Reached skill level 5 in Dodging
  6058 | D:6      | Noticed Hat's ghost (novice MiFi)
  6411 | D:6      | Gained mutation: You tend to lose your temper in combat. [potion of mutation]
  6411 | D:6      | Gained mutation: Your movements are slightly less encumbered by armour. (ER -2) [potion of mutation]
  6411 | D:6      | Gained mutation: You often lose your temper in combat. [potion of mutation]
  6411 | D:6      | Gained mutation: Your flesh is heat resistant. (rF+) [potion of mutation]
  6588 | D:6      | Killed Hat's ghost
  6588 | D:6      | Reached * piety under Okawaru
  6588 | D:6      | Reached skill level 11 in Stealth
  6588 | D:6      | Reached XP level 9. HP: 28/43 MP: 9/19
  6747 | D:7      | Reached ** piety under Okawaru
  7058 | D:7      | Reached skill level 12 in Stealth
  7310 | D:7      | Found a hide-covered altar of Uskayaw.
  7490 | D:8      | Found a radiant altar of Vehumet.
  7519 | D:8      | Reached *** piety under Okawaru
  7772 | D:8      | Found a sand-covered staircase.
  7795 | Ossuary  | Entered an ossuary
  8177 | D:8      | Noticed a two-headed ogre
  8227 | D:8      | Killed a two-headed ogre
  8227 | D:8      | Reached XP level 10. HP: 48/48 MP: 11/22
  8512 | D:9      | Reached skill level 13 in Stealth
  8645 | D:9      | Reached **** piety under Okawaru
  8991 | D:9      | Noticed Erica
  9122 | D:9      | Killed Erica
  9248 | D:9      | Found a basalt altar of Yredelemnul.
  9303 | D:10     | Entered Level 10 of the Dungeon
  9329 | D:10     | Noticed Joseph
  9345 | D:10     | Killed Joseph
  9405 | D:10     | Reached ***** piety under Okawaru
  9613 | D:10     | Reached skill level 14 in Stealth
  9740 | D:10     | Reached XP level 11. HP: 49/52 MP: 12/25
 10109 | D:10     | Found a staircase to the Orcish Mines.
 10621 | D:10     | Received a gift from Okawaru
 10688 | D:10     | Got an encrusted quick blade {god gift}
 10692 | D:10     | Identified the +7 quick blade "Temmuluh" {pierce, +Rage MR+ Str+4} (Okawaru gifted it to you on level 10 of the Dungeon)
 10959 | D:11     | Noticed Erolcha
 10966 | D:11     | Killed Erolcha
 10966 | D:11     | Reached skill level 1 in Conjurations
 11008 | D:11     | Found Ydadghaon's Armour Shoppe.
 11055 | D:11     | Found Zeb Risu's Armour Emporium.
 11204 | D:11     | Paralysed by a hornet for 2 turns
 11214 | D:11     | Killed from afar by an orc priest

Skill      XL: |  1  2  3  4  5  6  7  8  9 10 11 |
---------------+----------------------------------+-----
Spellcasting   | 3 4 5 6 7 9 |  9.9
Stealth        | 5 6 7 8 11 12 14 | 14.6
Short Blades   | 2 3 4 6 7 8 9 |  9.3
Hexes          | 4 5 6 7 8 9 |  9.5
Ice Magic      | 1 2 3 |  3.4
Dodging        | 4 5 6 |  6.3
Fighting       | 1 2 3 |  3.3
Conjurations   | 1 |  1.0

Action                   |  1- 3 |  4- 6 |  7- 9 | 10-12 || total
-------------------------+-------+-------+-------+-------++-------
Melee: Dagger            |   110 |    56 |       |       ||   166
       Short sword       |       |   152 |   321 |   213 ||   686
       Quick blade       |       |       |       |    23 ||    23
 Cast: Ensorcelled Hiber |    11 |    14 |    51 |    54 ||   130
       Tukima's Dance    |       |     2 |     5 |       ||     7
       Dazzling Spray    |       |     2 |    18 |    14 ||    34
       Confuse           |       |    15 |    10 |    25 ||    50
  Use: Scroll            |     5 |     4 |     6 |     3 ||    18
       Potion            |     2 |     2 |     5 |     4 ||    13
 Stab: Sleeping          |    19 |    16 |    52 |    33 ||   120
       Invisible         |       |     1 |     3 |     3 ||     7
       Confused          |       |     5 |     5 |     9 ||    19
       Distracted        |       |       |     2 |       ||     2
  Eat: Ration            |       |     2 |     4 |     2 ||     8
Armor: Robe              |    14 |     7 |     6 |     4 ||    31
Dodge: Dodged            |    94 |    91 |   160 |   123 ||   468
